 Dungeon Crawl Stone Soup version 0.25-a0-589-g1e14c549ee (webtiles) character file.

Game seed: 14157932379244976587, levelgen mode: deterministic

180 ReteAZ the Poker (level 5, -4/42 HPs)
             Began as a Merfolk Gladiator on Mar 13, 2020.
             Killed by divine providence
             ... invoked by an orc priest
              (12 damage)
             ... on level 3 of the Dungeon.
             The game lasted 00:02:27 (2025 turns).

ReteAZ the Poker (Merfolk Gladiator)                Turns: 2025, Time: 00:02:28

Health: -4/42      AC:  6    Str: 15    XL:     5   Next: 60%
Magic:  5/5        EV: 12    Int:  7    God:
Gold:   172        SH:  3    Dex: 16    Spells: 4/4 levels left

rFire    + . .     SeeInvis .   a - +0 trident
rCold    . . .     Gourm    .   v - +0 buckler
rNeg     . . .     Faith    .   s - +2 robe {rF+}
rPois    .         Spirit   .   c - +0 helmet
rElec    .         Reflect  .   y - +0 cloak
rCorr    .         Harm     .   (no gloves)
MR       .....                  (no boots)
Stlth    +.........             (no amulet)
HPRegen  0.14/turn              (no ring)
MPRegen  0.09/turn              (no ring)

@: heavily drained
A: change form in water, swift swim, stealthy swim
a: no special abilities


You were on level 3 of the Dungeon.
You were not hungry.

You visited 1 branch of the dungeon, and saw 3 of its levels.

You collected 172 gold pieces.

Inventory:

Hand Weapons
 a - a +0 trident (weapon)
Missiles
 d - 2 throwing nets (quivered)
 l - 3 silver javelins
 A - 20 poisoned darts
Armour
 b - a +0 leather armour
 c - a +0 helmet (worn)
 g - a +0 tower shield
 s - a +2 robe of fire resistance (worn)
 v - a +0 buckler (worn)
 y - a +0 cloak (worn)
Jewellery
 n - an uncursed ring of see invisible {unknown}
 o - an uncursed ring of positive energy {unknown}
 t - an uncursed ring of protection from fire {unknown}
Wands
 x - a wand of flame (22)
Scrolls
 i - a scroll of teleportation {unknown}
 k - a scroll of identify {unknown}
 m - 2 scrolls of enchant weapon {unknown}
 q - a scroll of amnesia {unknown}
 r - a scroll of remove curse {unknown}
 B - a scroll of fog {unknown}
Potions
 e - a potion of cancellation {unknown}
 h - a potion of mutation {unknown}
 j - 2 potions of haste {unknown}
 p - 2 potions of curing {unknown}
 u - a potion of degeneration {unknown}
 w - 2 potions of heal wounds {unknown}
Comestibles
 f - 7 rations
 z - 6 chunks of flesh


   Skills:
 + Level 3.9(2.2) Fighting
 * Level 7.6(5.8) Polearms
 - Level 2.0(0.4) Throwing
 - Level 4.0(2.3) Dodging
 + Level 0.0 Shields


You had 4 spell levels left.
You didn't know any spells.
Your spell library was empty.

Dungeon Overview and Level Annotations

Branches:
Dungeon (3/15)

Altars:
Ru
The Shining One


Message History

The orc priest invokes the aid of Beogh against you.
Beogh smites you!
You are too injured to fight recklessly!
You are too injured to fight recklessly!
You are too injured to fight recklessly!
You are too injured to fight recklessly!
You are too injured to fight recklessly!
You are too injured to fight recklessly!
You hit the orc priest.
The orc priest is moderately wounded.
The orc priest barely misses you.
The orc hits you from afar with a cursed +0 trident!
You hit the orc priest.
The orc priest is heavily wounded.
The orc closely misses you.
The orc priest hits you with a +0 war axe!
* * * LOW HITPOINT WARNING * * *
The orc priest mumbles some strange prayers to Beogh against you.
Beogh smites you!
You die...

#.....####..####.. #.
#........รทรท........ ##.
##.................. #..
...........####..##..##..
##.......####...###..##..
........#####.##.....#...
##.........o.........##..
######.##.o.o..#.#..###.
#......@o.#........# ##.
..##..#####o.....## #..
....# #..o.?.# #.. .####
#......# ##. #.........#
#. ........#### ##
o........# #.
o..###.....# ## ...
#.....# #


You could see an orc priest and 3 orcs.

Vanquished Creatures
  Crazy Yiuf (D:2)
  2 orc wizards (D:2)
  Jessica (D:2)
  An ooze (D:2)
  A worm (D:2)
  3 dart slugs
  2 leopard geckos
  4 orcs
  3 giant cockroaches
  3 hobgoblins
  4 jackals (D:1)
  7 kobolds
  A quokka (D:3)
  5 bats
  4 frilled lizards
  5 goblins
  5 rats
52 creatures vanquished.

Vanquished Creatures (others)
  2 bats (D:3)
2 creatures vanquished.

Grand Total: 54 creatures vanquished

Notes
Turn   | Place    | Note
-------+----------+-------------------------------------------
     0 | D:1      | ReteAZ the Merfolk Gladiator began the quest for the Orb.
     0 | D:1      | Reached XP level 1. HP: 16/16 MP: 1/1
    28 | D:1      | Reached XP level 2. HP: 20/23 MP: 2/2
    30 | D:1      | Reached skill level 5 in Polearms
   391 | D:1      | Reached XP level 3. HP: 28/28 MP: 3/3
   655 | D:2      | Noticed Jessica
   658 | D:2      | Killed Jessica
   658 | D:2      | Reached skill level 6 in Polearms
   693 | D:2      | Reached XP level 4. HP: 35/35 MP: 4/4
   739 | D:2      | Found a runed translucent door.
   740 | D:2      | Noticed Crazy Yiuf
   799 | D:2      | Found a sacrificial altar of Ru.
  1467 | D:2      | Killed Crazy Yiuf
  1467 | D:2      | Reached skill level 7 in Polearms
  1467 | D:2      | Reached XP level 5. HP: 42/42 MP: 5/5
  1742 | D:3      | Found a glowing golden altar of the Shining One.
  2025 | D:3      | Killed from afar by an orc priest

Levels and vault maps discovered:
D:1:      minmay_arrival_three_doors, layout_basic
D:2:      layout_loops_ring, nicolae_ru_great_annihilating_truth, first_ration,
          roderic_lattice_a, wad_floor_pattern_untrapped, serial_bayou_ford_a,
          minmay_crystal_room, minivault_19, minmay_pentomino_v4,
          uniq_crazy_yiuf_cottage, uniq_jessica
D:3:      layout_rooms, nicolae_tso_carved_into_rock, lemuel_flame_loot_1

Skill      XL: |  1  2  3  4 |
---------------+-------------+-----
Polearms       | 5 6 7 |  7.6
Fighting       | 3 |  3.9
Throwing       | |  2.0
Dodging        | |  4.0

Action                   |  1- 3 |  4- 6 || total
-------------------------+-------+-------++-------
Melee: Trident           |    64 |   135 ||   199
Throw: Throwing net      |       |     1 ||     1
 Stab: Held in net/web   |       |     2 ||     2
       Paralysed         |       |     1 ||     1
       Sleeping          |       |     1 ||     1
  Eat: Chunk             |       |     4 ||     4
Armor: Leather armour    |     9 |       ||     9
       Robe              |       |    35 ||    35
Dodge: Dodged            |    33 |    84 ||   117
Block: Buckler           |       |    16 ||    16

Table legend:
 A = Non-vault XP
 B = Vault XP
 C = Vault XP percentage of total XP
 D = Non-vault monster count
 E = Vault monster count
 F = Vault count percentage of total count
                 A         B        C        D         E       F
            +---------+---------+-------+---------+---------+-------
      Total |     124 |     134 |  51.9 |      43 |       9 |  17.3
            +---------+---------+-------+---------+---------+-------
        D:1 |      38 |       0 |   0.0 |      20 |       0 |   0.0
        D:2 |      57 |     134 |  70.2 |       8 |       9 |  52.9
        D:3 |      29 |       0 |   0.0 |      15 |       0 |   0.0
            +---------+---------+-------+---------+---------+-------
